 Dungeon Crawl Stone Soup version 0.20.1-1-g8b1a95d (webtiles) character file.

88 Caractacus the Charmwright (level 4, -1/34 HPs)
             Began as a Barachi Skald on Oct 24, 2017.
             Slain by a gnoll
             ... wielding a +0 spear
              (3 damage)
             ... on level 3 of the Dungeon.
             The game lasted 00:14:03 (2798 turns).

Caractacus the Charmwright (Barachi Skald)          Turns: 2798, Time: 00:14:04

Health: -1/34      AC:  5    Str: 13    XL:     4   Next: 53%
Magic:  9/17       EV: 17    Int: 14    God:
Gold:   93         SH:  0    Dex: 16    Spells: 0/8 levels left

rFire    . . .     SeeInvis .   a - +0 falchion
rCold    . . .     Gourm    .   (no shield)
rNeg     . . .     Faith    .   s - +0 ring mail
rPois    .         Spirit   .   (no helmet)
rElec    .         Reflect  .   (no cloak)
rCorr    .         Harm     .   (no gloves)
MR       .....                  (no boots)
Stlth    ++........             (no amulet)
Regen    0.2/turn               m - ring of magical power
MPRegen  0.2/turn               d - ring of wizardry

@: agile, singing, can't hop, flying, slow
A: +LOS, swims, slowness 1, strong legs 1
a: Hop


You were on level 3 of the Dungeon.
You were hungry.

You visited 1 branch of the dungeon, and saw 3 of its levels.

You collected 93 gold pieces.

Inventory:

Hand Weapons
 a - a +0 falchion (weapon)
Missiles
 e - 82 stones (quivered)
 g - 100 sling bullets
 i - 5 needles of sleeping
 p - 39 arrows
Armour
 b - a +0 leather armour
 s - a +0 ring mail (worn)
Jewellery
 d - a ring of wizardry (right hand)
 m - a ring of magical power (left hand)
 u - an uncursed ring of protection from magic {unknown}
Wands
 y - a wand of flame (30/48)
Scrolls
 h - 3 scrolls of amnesia {unknown}
 j - a scroll of remove curse {unknown}
 k - 3 scrolls of identify {unknown}
 l - a scroll of blinking {unknown}
 n - 2 scrolls of recharging {unknown}
 r - 2 scrolls of enchant weapon {unknown}
 v - a scroll of enchant armour {unknown}
 w - a scroll of teleportation {unknown}
Potions
 q - a potion of flight
Books
 c - a book of Battle

   Spells                             Type                      Level
   a - Infusion                       Charms                       1
   b - Shroud of Golubria             Charms/Translocation         2
   c - Song of Slaying                Charms                       2
   d - Spectral Weapon                Hexes/Charms                 3
   e - Regeneration                   Charms/Necromancy            3
Comestibles
 f - 3 meat rations
 t - 4 fruits
 x - a bread ration
 z - 2 chunks of flesh


   Skills:
 + Level 2.6 Fighting
 + Level 2.8 Long Blades
 + Level 2.1 Armour
 + Level 2.6 Dodging
 + Level 0.6 Stealth
 + Level 2.8 Spellcasting
 + Level 4.2 Charms


You couldn't memorise any spells.
You knew the following spells:

 Your Spells              Type           Power        Failure   Level  Hunger
a - Infusion              Chrm           ##..         3%          1    #......
b - Shroud of Golubria    Chrm/Tloc      #.........   12%         2    ##.....
c - Song of Slaying       Chrm           ##......     4%          2    ##.....
d - Spectral Weapon       Hex/Chrm       #.......     22%         3    ###....


Dungeon Overview and Level Annotations

Branches:
Dungeon (3/15)

Altars:


Innate Abilities, Weirdness & Mutations

Shadows flee at your approach. (+LOS)
You can swim through water.
You cover ground slowly.
You can hop short distances.


Message History

The gnoll is moderately wounded.
You are too injured to fight recklessly!
Your ring mail prevents you from hitting the gnoll.
The gnoll hits you but does no damage. x2; The gnoll misses you.
The gnoll closely misses you.
You riposte.
You hit the gnoll!
The gnoll is heavily wounded.
You closely miss the gnoll.
The gnoll is heavily wounded.
The gnoll hits you with a spear!
* * * LOW HITPOINT WARNING * * *
The gnoll hits you with a halberd.
* * * LOW HITPOINT WARNING * * *
The gnoll barely misses you.
Okay, then.
You are too injured to fight recklessly!
You hit the gnoll.
The gnoll is almost dead.
You are no longer magically infusing your attacks.
The gnoll hits you with a spear.
You die...

#.. #. .) ####.#
#.##.### #...$# #.......
#.##.# #..(8... ###.##.#
#..8.8.. #......#####.#
#.8(_.8. #......>......#
#..8.8..##g....##.#####.
....8....@g....# #.#
.........#g)...# #.#
#.####...###(### ..#
#######.# ... #....#
.### #.#### ####.# #.#
#..... # #.# #.##.# .#
#.# #.##.# .#


You could see 3 gnolls.

Vanquished Creatures
  A hound (D:3)
  An adder (D:2)
  3 orcs (D:3)
  A ball python (D:2)
  3 giant cockroaches
  3 goblins
  3 hobgoblins
  A jackal (D:3)
  8 kobolds
  2 quokkas (D:2)
  12 bats
  6 frilled lizards
  4 rats
48 creatures vanquished.

Vanquished Creatures (others)
  A spectral weapon (D:3)
1 creature vanquished.

Grand Total: 49 creatures vanquished

Notes
Turn   | Place    | Note
-------+----------+-------------------------------------------
     0 | D:1      | Caractacus the Barachi Skald began the quest for the Orb.
     0 | D:1      | Reached XP level 1. HP: 17/17 MP: 3/3
   251 | D:1      | Reached XP level 2. HP: 18/23 MP: 3/5
   274 | D:1      | Learned a level 2 spell: Shroud of Golubria
   277 | D:1      | Learned a level 2 spell: Song of Slaying
  1318 | D:2      | Reached XP level 3. HP: 16/28 MP: 6/6
  1795 | D:2      | Reached skill level 4 in Charms
  2409 | D:3      | HP: 1/28 [hound (2)]
  2410 | D:3      | Reached XP level 4. HP: 2/34 MP: 8/8
  2705 | D:3      | Learned a level 3 spell: Spectral Weapon
  2720 | D:3      | Found a faded altar of an unknown god.
  2798 | D:3      | Slain by a gnoll

Skill      XL: |  1  2  3 |
---------------+----------+-----
Charms         | 4 |  4.2
Armour         | 2 |  2.1
Fighting       | |  2.6
Long Blades    | |  2.8
Dodging        | |  2.6
Stealth        | |  0.6
Spellcasting   | |  2.8

Action                   |  1- 3 |  4- 6 || total
-------------------------+-------+-------++-------
Melee: Falchion          |   108 |    16 ||   124
 Cast: Infusion          |    31 |     2 ||    33
       Shroud of Golubri |     2 |     1 ||     3
       Song of Slaying   |       |     2 ||     2
       Spectral Weapon   |       |     2 ||     2
 Abil: Hop               |     1 |     1 ||     2
Evoke: Wand              |     1 |       ||     1
  Use: Scroll            |     1 |       ||     1
       Potion            |     2 |     2 ||     4
  Eat: Chunk             |     2 |     1 ||     3
       Bread ration      |     1 |       ||     1
Armor: Leather armour    |    19 |       ||    19
       Ring mail         |    16 |    10 ||    26
Dodge: Dodged            |   116 |    20 ||   136
       Rpst.: Falchion   |    34 |     2 ||    36
